Map: Port Aleksander LE

Players

DEIMON

  • Race: Zerg Zerg
  • Spawn Location: 5:00

Massol - Winner!

  • Race: Protoss Protoss
  • League: Silver
  • Spawn Location: 11:00

VOD

Have the link to the VOD?

Description

Time

  • Played on: Dec. 16, 2018, 5:04 a.m.
  • Length: 20:22
Show
View Real Time Build Order
Export as new Build Order

DEIMON Zerg 

Build Orders: Hatch First 

Get SALT Encoding   

  12  0:12  Drone  
  12  0:13  Drone  
  14  0:30  Overlord  
  14  0:46  Hatchery  
  13  0:55  Drone x2  
  15  1:01  Drone  
  16  1:17  Spawning Pool  
  15  1:24  Drone x2  
  17  1:30  Extractor  
  17  2:14  Zergling x4  
  17  2:15  Zergling x2  
  18  3:21  Zergling x6  
  21  4:24  Roach Warren, Queen  
  20  4:28  Overlord x3  
  21  4:52  Hatchery, Zergling x4  
  20  5:14  Spine Crawler  
  20  5:20  Spine Crawler  
  17  5:40  Spine Crawler  
  16  5:50  Spine Crawler  
  13  6:23  Zergling x6  
  18  6:37  Queen  
  20  6:49  Roach x2  
  20  6:53  Queen  
  24  6:58  Roach x3  
  29  7:17  Evolution Chamber  
  28  7:52  Roach x6  
  40  8:06  Lair  
  26  9:13  Extractor  
  25  9:26  Drone x4  
  29  9:53  Roach x2  
  33  10:02  Drone  
  34  10:20  Burrow  
  34  10:32  Zerg Missile Weapons Level 1  
  34  10:45  Drone  
  35  10:50  Drone  
  35  10:55  Drone  
  37  11:31  Overseer  
  37  11:56  Overseer  
  36  12:07  Drone x2  
  36  12:08  Drone x5  
  42  12:32  Spine Crawler  
  42  12:36  Spore Crawler  
  40  12:42  Spore Crawler  
  39  12:47  Spore Crawler  
  38  12:52  Roach x2  
  38  12:53  Roach x2  
  46  13:06  Spine Crawler  
  45  13:26  Hydralisk Den  
  42  14:17  Overlord x3  
  42  14:23  Hydralisk x3  
  48  14:47  Hydralisk x2  
  52  15:10  Spine Crawler  
  47  15:53  Drone x2  
  47  15:54  Drone x4  
  52  16:52  Pneumatized Carapace  
  52  17:38  Spore Crawler  
  52  17:43  Spore Crawler  
  50  17:50  Spore Crawler  
  49  18:11  Overlord  
  49  18:32  Hatchery  
  28  19:52  Spore Crawler  
  27  19:54  Spine Crawler  
Show
View Real Time Build Order
Export as new Build Order

Massol Protoss - Winner!

Build Orders: Cannon Rush 

Get SALT Encoding   

  12  0:03  Probe  
  13  0:15  Pylon  
  13  0:22  Probe  
  14  0:34  Probe  
  15  0:46  Probe  
  16  0:53  Forge  
  16  0:55  Probe  
  16  1:03  Probe  
  18  1:12  Probe  
  18  1:15  Pylon  
  19  1:24  Probe  
  19  1:25  Pylon  
  20  1:31  Pylon  
  20  1:42  Photon Cannon  
  20  1:55  Pylon, Photon Cannon  
  20  1:59  Photon Cannon  
  20  2:07  Pylon  
  20  2:12  Pylon  
  20  2:21  Photon Cannon  
  20  2:30  Photon Cannon  
  20  2:36  Photon Cannon  
  19  2:49  Photon Cannon  
  19  3:00  Pylon  
  19  3:07  Photon Cannon  
  19  3:12  Photon Cannon  
  19  3:23  Photon Cannon  
  19  3:29  Photon Cannon  
  19  3:42  Photon Cannon  
  19  3:50  Photon Cannon  
  19  4:07  Pylon  
  19  4:19  Pylon  
  19  4:39  Photon Cannon  
  19  4:52  Photon Cannon  
  19  4:58  Photon Cannon  
  19  5:20  Photon Cannon  
  19  5:22  Photon Cannon  
  19  5:35  Photon Cannon  
  19  5:39  Pylon  
  19  5:51  Photon Cannon  
  19  5:55  Photon Cannon  
  19  6:00  Pylon  
  19  6:16  Photon Cannon  
  19  6:22  Photon Cannon  
  19  6:32  Photon Cannon  
  19  7:08  Gateway  
  19  7:09  Gateway  
  19  7:11  Photon Cannon  
  19  7:25  Photon Cannon  
  19  7:29  Nexus  
  19  7:31  Pylon  
  19  7:34  Pylon  
  19  7:42  Pylon  
  19  7:47  Pylon  
  19  7:55  Pylon  
  19  8:00  Zealot x2, Pylon  
  23  8:11  Cybernetics Core  
  23  8:19  Assimilator  
  23  8:25  Assimilator  
  23  8:27  Zealot  
  25  8:54  Photon Cannon  
  25  8:57  Probe, Photon Cannon  
  26  9:17  Shield Battery  
  26  9:29  Gateway  
  22  9:41  Probe  
  22  9:42  Gateway  
  23  9:47  Warp Gate  
  23  10:13  Probe  
  23  10:15  Photon Cannon  
  24  10:36  Adept  
  24  10:41  Probe  
  26  10:49  Probe  
  28  11:01  Adept  
  30  11:06  Probe  
  31  11:18  Probe  
  30  11:25  Adept  
  32  11:35  Adept  
  34  11:43  Probe  
  35  11:55  Probe  
  34  12:08  Adept x2  
  32  12:28  Probe  
  32  12:29  Zealot x3  
  36  12:36  Probe  
  38  12:46  Probe  
  39  12:58  Probe  
  39  13:02  Twilight Council  
  39  13:05  Protoss Ground Weapons Level 1  
  40  13:06  Probe  
  41  13:14  Probe  
  41  13:15  Sentry  
  41  13:17  Sentry  
  46  13:25  Probe  
  46  13:26  Stalker  
  49  13:37  Assimilator, Probe  
  50  13:44  Shield Battery  
  50  13:46  Shield Battery  
  44  14:10  Pylon  
  44  14:16  Pylon  
  44  14:17  Sentry  
  46  14:19  Zealot  
  46  14:20  Zealot  
  50  14:35  Photon Cannon  
  50  14:43  Dark Shrine  
  50  14:45  Templar Archives  
  50  14:53  Stargate  
  50  14:55  Stargate  
  50  14:58  Adept  
  52  15:01  Adept  
  52  15:05  Adept  
  48  15:32  Adept  
  48  15:33  Adept x2  
  48  15:34  Adept  
  48  15:57  Psionic Storm  
  48  16:00  Dark Templar x2  
  48  16:01  Dark Templar  
  54  16:13  Phoenix  
  54  16:16  Phoenix  
  54  16:37  Shadow Stride  
  52  16:40  Probe  
  53  16:49  Assimilator  
  53  16:52  Probe  
  54  17:04  Void Ray, Robotics Facility  
  54  17:05  Probe  
  59  17:17  Probe  
  60  17:29  Probe  
  61  17:55  High Templar x3  
  63  18:13  Void Ray  
  67  18:20  Void Ray  
  72  18:27  Observer  
  54  19:32  Dark Templar x3  
  54  19:33  Dark Templar  
  70  20:09  High Templar  
Tags
 
Add a new tag
Caveats
  • Supply blocks, unpowered buildings, or Contaminate may cause inaccurate times.
  • Supply counts are checked every 10 seconds.